 Dungeon Crawl Stone Soup version 0.32-a0-17-gb74e046682 (webtiles) character file.

Game seed: 4419163138939385527

894 LeprechaunX the Changeling (level 8, -15/53 HPs)
             Began as an Octopode Shapeshifter on Jan 15, 2024.
             Demolished by Menkaure (25 damage)
             ... on level 5 of the Dungeon.
             The game lasted 00:04:48 (3445 turns).

LeprechaunX the Changeling (Octopode Shapeshifter)  Turns: 3445, Time: 00:04:48

Health: -15/53     AC:  1    Str: 14    XL:     8   Next: 6%
Magic:  8/8        EV: 14    Int: 12    God:
Gold:   271        SH:  0    Dex: 13    Spells: 7/7 levels left

rFire   . .          .
                       - Unarmed
rCold   . . .        (no shield)
rNeg    . . .        (helmet currently unavailable)
rPois   .            g - amulet of regeneration
rElec   .            j - ring of flight
rCorr   .            (no ring)
SInv    .            (no ring)
Will    +....        (no ring)
Stlth   ++           (no ring)
HPRegen 1.08/turn    (no ring)
MPRegen 0.11/turn    (no ring)
                     (no ring)

%: no passive effects
@: beast-form, enlightened, flying
A: beast (slay +3), almost no armour, amphibious, 8 rings, camouflage 1,
gelatinous body 1, (nimble swimmer 1), tentacles
a: Begin Untransformation


You were on level 5 of the Dungeon.
You were a hulking beast.
You visited 1 branch of the dungeon, and saw 5 of its levels.

You collected 271 gold pieces.

Inventory:

Missiles
 k - 13 boomerangs (quivered)
 r - 2 throwing nets
 t - 4 javelins
Jewellery
 g - an amulet of regeneration (around mantle)
 j - a ring of flight (left tentacle)
Talismans
 b - a beast talisman
 c - a flux talisman
Wands
 u - a wand of flame (23)
Scrolls
 e - 5 scrolls of identify {unknown}
 i - a scroll of revelation {unknown}
 l - 2 scrolls of butterflies {unknown}
 n - 2 scrolls of fear {unknown}
 o - 2 scrolls of teleportation {unknown}
Potions
 a - 2 potions of lignification
 d - a potion of degeneration {unknown}
 f - 2 potions of invisibility {unknown}
 h - a potion of attraction {unknown}
 m - a potion of magic {unknown}
 p - a potion of haste {unknown}
 q - 2 potions of enlightenment
 s - 2 potions of curing {unknown}


   Skills:
 + Level 3.6 Fighting
 - Level 3.0 Throwing
 + Level 4.0 Dodging
 + Level 4.6 Unarmed Combat
 + Level 1.4 Evocations
 * Level 5.5 Shapeshifting


You had 7 spell levels left.
You didn't know any spells.
Your spell library contained the following spells:

 Spells                   Type           Power      Damage    Failure   Level
 Slow                     Hex            0%         N/A       32%         1
 Confusing Touch          Hex            0%         N/A       69%         3
 Sigil of Binding         Hex            0%         N/A       69%         3
 Vampiric Draining        Necr           0%         2d6       69%         3


Dungeon Overview and Level Annotations

Branches:
Dungeon (5/15)
 Temple: D:4-7

Altars:

Annotations:
D:5 Blork the orc, Menkaure


Innate Abilities, Weirdness & Mutations

You are a hulking beast.
Your limbs bulge with bestial killing power. (Slay +3)
You cannot wear most types of armour.
You are amphibious.
You can wear up to eight rings at the same time.
Your skin changes colour to match your surroundings (Stealth+).
Your rubbery body absorbs attacks. (AC +1, EV +1)
((You are camouflaged when in or above water. (Stealth+)))
You have tentacles for arms and can constrict up to eight enemies at once.


Message History

You destroy the phantom!
Your Dodging skill increases to level 4!
You have reached level 8!
There is a stone staircase leading up here.
Menkaure, Prince of Dust comes into view.
Menkaure is nearby!
Menkaure is nearby!
Menkaure is nearby!
Found a stone staircase leading down.
Menkaure shouts!
You hear a shout!
Menkaure breathes soot at you.
Menkaure mumbles some strange words.
Menkaure seems to speed up.
A scorpion comes into view.
Menkaure hits you!
You bludgeon Menkaure! You grab Menkaure.
Menkaure is moderately damaged.
You constrict Menkaure, but do no damage.
Blork the orc comes into view.
He is wielding a +0 hand axe.
Menkaure calls on the powers of darkness!
Your body is wracked with pain!
Blork the orc convulses!
The scorpion convulses!
You tentacle-slap Menkaure but do no damage.
Menkaure is moderately damaged.
You constrict Menkaure. Menkaure hits you!
* * * LOW HITPOINT WARNING * * *
Unknown command.
You tentacle-slap Menkaure. x2
Menkaure is heavily damaged.
You constrict Menkaure.
Menkaure calls on the powers of darkness!
Your body is wracked with pain!
* * * LOW HITPOINT WARNING * * *
Blork the orc convulses!
The scorpion convulses!
Menkaure gestures at you while chanting.
You struggle to resist.
It was a potion of enlightenment.
You feel more buoyant.
You constrict Menkaure. Menkaure hits you!!
You die... ###. ....### .8.... ..#.. ..># so#

#M#
#h#
#.#
#.#
#.#
#.#
#.#
#.#
#.#
##
#.#


You could see Blork the orc, Menkaure (fast) and a scorpion.

Vanquished Creatures
  2 water moccasins
  The ghost of Pokonic1 the Trooper, an amateur DsRe (D:3)
  2 phantoms (D:5)
  A bullfrog (D:3)
  A scorpion (D:5)
  A bombardier beetle (D:5)
  2 electric eels (D:3)
  An iguana (D:5)
  A gnoll (D:1)
  9 adders
  3 dart slugs
  10 orcs
  7 ball pythons
  3 endoplasms
  2 giant cockroaches
  3 goblins
  8 hobgoblins
  10 jackals
  A quokka (D:1)
  10 bats
  5 frilled lizards
  6 kobolds
  6 rats
95 creatures vanquished.

Notes
Turn   | Place    | Note
-------+----------+-------------------------------------------
     0 | D:1      | LeprechaunX the Octopode Shapeshifter began the quest for
                  | the Orb.
     0 | D:1      | Reached XP level 1. HP: 13/13 MP: 1/1
    99 | D:1      | Reached XP level 2. HP: 4/18 MP: 2/2
   241 | D:1      | Reached XP level 3. HP: 12/23 MP: 3/3
   800 | D:2      | Reached XP level 4. HP: 29/29 MP: 4/4
   800 | D:2      | You are sucked into a shaft and drop 2 floors!
   843 | D:4      | Noticed a water moccasin
   850 | D:4      | Killed a water moccasin
   851 | D:4      | Reached skill level 1 in Throwing
   851 | D:4      | Reached skill level 4 in Shapeshifting
   851 | D:4      | Reached XP level 5. HP: 34/34 MP: 5/5
  1352 | D:4      | Reached XP level 6. HP: 30/41 MP: 6/6
  1427 | D:5      | Entered Level 5 of the Dungeon
  1554 | D:3      | Found a runed translucent door.
  1557 | D:3      | Noticed Pokonic1's ghost (amateur DsRe)
  1567 | D:3      | Found a transporter.
  2189 | D:2      | Found a faded altar of an unknown god.
  2463 | D:3      | Found a transporter.
  2693 | D:3      | Reached XP level 7. HP: 23/45 MP: 7/7
  2703 | D:3      | Killed Pokonic1's ghost
  2704 | D:3      | Reached skill level 5 in Shapeshifting
  3273 | D:5      | Reached skill level 1 in Evocations
  3373 | D:5      | Reached XP level 8. HP: 38/53 MP: 8/8
  3436 | D:5      | Noticed Menkaure
  3442 | D:5      | Noticed Blork the orc
  3445 | D:5      | Demolished by Menkaure

Illustrated notes

Levels and vault maps discovered:
D:1:      minmay_arrival_open_corners, layout_basic, minmay_misc_feat_diagonals,
          glass_columns_a
D:2:      layout_basic, shapermc_ecumenical_altar_acropolis, nicolae_half_adder
D:3:      gammafunk_steamed_eel, layout_basic, ebering_ghost_sewer_d
D:4:      layout_rooms, minmay_misc_feat_alley
D:5:      layout_loops_ring, minmay_temple_entry_statues_fountains,
          uniq_blork_the_orc, uniq_menkaure, uniq_crazy_yiuf_cottage

Skill      XL: |  1  2  3  4  5  6  7 |
---------------+----------------------+-----
Fighting       | 2 3 |  3.6
Throwing       | 1 2 3 |  3.0
Shapeshifting  | 4 5 |  5.5
Dodging        | 3 4 |  4.0
Unarmed Combat | 4 |  4.6
Evocations     | 1 |  1.4

Action                     |  1- 3 |  4- 6 |  7- 9 || total
---------------------------+-------+-------+-------++-------
  Melee: Unarmed           |    70 |    95 |    40 ||   205
         Constrict         |    24 |    26 |     6 ||    56
         Tentacles         |    10 |    14 |     9 ||    33
         Punch             |     2 |     1 |     2 ||     5
  Throw: Boomerang         |       |     1 |    14 ||    15
         Javelin           |       |     5 |       ||     5
    Use: Potion            |       |       |     1 ||     1
   Stab: Sleeping          |     1 |     4 |     1 ||     6
 Armour: Skin              |    41 |    44 |    44 ||   129
  Dodge: Dodged            |    47 |    53 |    22 ||   122

Table legend: (Time is in decaauts)
 A = Elapsed time spent in this place.
 B = Non-inter-level travel time spent in this place.
 C = Inter-level travel time spent in this place.
 D = Time resting spent in this place.
 E = Time spent auto-exploring this place.
 F = Levels seen in this place.
 G = Mean time per level.
                   A        B        C        D        E       F      G
               +--------+--------+--------+--------+--------+-----+--------+
         Total |   3436 |   3159 |    277 |    435 |   2154 |   5 |  687.2 |
       Dungeon |   3436 |   3159 |    277 |    435 |   2154 |   5 |  687.2 |
               +--------+--------+--------+--------+--------+-----+--------+

Top non-repeatable levels by time:
     D:3: 1066 daAuts
     D:2: 734 daAuts
     D:4: 705 daAuts
     D:1: 639 daAuts
     D:5: 290 daAuts
